 Dungeon Crawl Stone Soup version 0.29.1-1-gd02db6906a (webtiles) character file.

Game seed: 2398377613137005243

1568 LustLizard the Covert (level 8, -3/42 HPs)
             Began as a Spriggan Arcane Marksman on Sept 23, 2022.
             Was an Initiate of Dithmenos.
             Killed from afar by Maggie (32 damage)
             ... with a bolt of fire
             ... on level 7 of the Dungeon.
             The game lasted 00:15:29 (9534 turns).

LustLizard the Covert (Spriggan Arcane Marksman)    Turns: 9534, Time: 00:15:30

Health: -3/42      AC:  3    Str: 12    XL:     8   Next: 59%
Magic:  11/11      EV: 17    Int: 14    God:    Dithmenos [......]
Gold:   243        SH:  0    Dex: 18    Spells: 5/9 levels left

rFire   . . .      SeeInvis +   a - +1 sling
rCold   . . .      Faith    .   (no shield)
rNeg    . . .      Spirit   .   c - +0 robe
rPois   .          Reflect  .   (helmet restricted)
rElec   .          Harm     .   G - +0 cloak
rCorr   .          Rampage  .   (gloves unavailable)
Will    +....                   (boots unavailable)
Stlth   ++++......              r - amulet of the acrobat
HPRegen 0.14/turn               h - +6 ring of strength
MPRegen 0.12/turn               k - ring of flight

@: flying, mesmerised, very quick
A: very small, no large weapons, unfitting armour, see invisible, speed 3
a: Renounce Religion


You were on level 7 of the Dungeon.
You worshipped Dithmenos.
Dithmenos was noncommittal.
You visited 2 branches of the dungeon, and saw 8 of its levels.

You collected 339 gold pieces.
You spent 96 gold pieces at shops.

Inventory:

Hand Weapons
 a - a +1 sling (weapon)
 x - a +0 shortbow
Missiles
 D - a throwing net
Armour
 c - a +0 robe (worn)
 w - a +0 buckler
 G - a +0 cloak (worn)
Jewellery
 h - a +6 ring of strength (left hand)
 k - a ring of flight (right hand)
 r - an amulet of the acrobat (around neck)
 B - an amulet of faith
 J - a +6 ring of strength
Wands
 o - a wand of roots (11)
 H - a wand of flame (17)
Scrolls
 b - 2 scrolls of poison
 i - a scroll of magic mapping {unknown}
 l - 2 scrolls of enchant weapon {unknown}
 n - 7 scrolls of identify {unknown}
 v - a scroll of noise {unknown}
 y - 2 scrolls of butterflies {unknown}
 z - a scroll of amnesia {unknown}
 A - 3 scrolls of immolation {unknown}
 C - 2 scrolls of teleportation {unknown}
 E - a scroll of vulnerability {unknown}
 I - a scroll of fear {unknown}
Potions
 d - 2 potions of brilliance {unknown}
 e - a potion of degeneration {unknown}
 f - 6 potions of curing
 g - 6 potions of flight {unknown}
 j - 3 potions of haste {unknown}
 m - a potion of invisibility {unknown}
 p - 3 potions of might {unknown}
 q - 3 potions of heal wounds
 s - 2 potions of mutation {unknown}
 t - 2 potions of lignification {unknown}
 u - a potion of cancellation {unknown}
 F - 2 potions of magic {unknown}


   Skills:
 + Level 4.0 Fighting
 * Level 7.1 Ranged Weapons
 - Level 2.6 Dodging
 + Level 9.1 Stealth
 - Level 1.3 Spellcasting
 - Level 4.0 Hexes
 - Level 4.0 Translocations


You had 5 spell levels left.
You knew the following spells:

 Your Spells              Type           Power      Damage    Failure   Level
a - Slow                  Hex            48%        N/A       4%          1
b - Portal Projectile     Hex/Tloc       24%        N/A       14%         3

Your spell library contained the following spells:

 Spells                   Type           Power      Damage    Failure   Level
 Apportation              Tloc           24%        N/A       4%          1
 Freeze                   Ice            0%         1d3       26%         1
 Sting                    Tmut/Pois      0%         1d3       26%         1
 Inner Flame              Hex/Fire       6%         N/A       32%         3
 Poisonous Vapours        Pois/Air       0%         N/A       36%         2
 Cause Fear               Hex            6%         N/A       43%         4
 Frozen Ramparts          Ice            0%         1d1       58%         3
 Hailstorm                Conj/Ice       0%         3d3       94%         4
 Olgreb's Toxic Radiance  Pois           0%         N/A       94%         4
 Alistair's Intoxication  Tmut/Pois      0%         N/A       100%        5


Dungeon Overview and Level Annotations

Branches:
Dungeon (7/15)             Temple (1/1) D:5

Altars:
Ashenzari
Cheibriados
Dithmenos
Elyvilon
Fedhas
Gozag
Hepliaklqana
Kikubaaqudgha
Makhleb
Nemelex Xobeh
Okawaru
Qazlal
Ru
Sif Muna
Trog
Uskayaw
Vehumet
Wu Jian
Xom
Yredelemnul
Zin

Shops:
D:4 !

Annotations:
D:6 exclusion: door
D:7 Maggie


Innate Abilities, Weirdness & Mutations

You are very small and have problems with some larger weapons.
You are too small for most types of armour.
You have supernaturally acute eyesight. (SInv)
You cover ground extremely quickly. (Speed+++)


Message History

The sling bullet hits Maggie but does no damage.
Maggie is severely wounded.
You shoot a sling bullet.
The sling bullet hits Maggie but does no damage.
Maggie is severely wounded.
Maggie points at you and mumbles some strange words.
The bolt of fire hits you!!
Ouch! That really hurt!
You are too injured to fight recklessly!
You start resting.
Maggie is nearby!
You start resting.
Maggie is nearby!
You shoot a sling bullet.
The sling bullet hits Maggie but does no damage.
Maggie is severely wounded.
You start resting.
Maggie is nearby!
You shoot a sling bullet. The sling bullet barely misses Maggie.
Maggie gestures at you while chanting. The bolt of fire misses you.
You shoot a sling bullet.
The sling bullet hits Maggie but does no damage.
Maggie is severely wounded.
You start resting.
Maggie is nearby!
You start resting.
Maggie is nearby!
You shoot a sling bullet. The sling bullet closely misses Maggie.
Maggie casts a spell.
Maggie attempts to bespell you!
You are mesmerised by Maggie!
You shoot a sling bullet. The sling bullet hits Maggie.
Maggie is severely wounded.
You shoot a sling bullet. The sling bullet hits Maggie.
Maggie is severely wounded.
Maggie gestures at you while chanting. The bolt of fire hits you!!
Ouch! That really hurt!
You die...

#. #.......#................#
#.########.#.##.............#
#.#......#.#.###@...........#
####...<....#.#@###......##...##
#......######.#.#........##...#
#(.....+ #.#.#.#..######...#
#......######.#.#.#..######...###
#.............#.#'#.............#
#.......#######.@........##...###
#.......### #.......(..##...###
#.........# #..........##......
#<......#.#####..........###.#...
#..........#.............# #.#...
####...###....#..........# #.#...
#.....................# #.#...
#....##.#####.........# #.#...
##.. #...............# #.#...


You could see Maggie (mesmerising).

Vanquished Creatures
  Sigmund (D:5)
  A black bear (D:6)
  An ice beast (D:5)
  3 ogres
  2 lemures (D:7)
  6 scorpions
  A bullfrog (D:7)
  A howler monkey (D:6)
  A hound (D:6)
  4 orc priests
  Jessica (D:2)
  3 iguanas
  An orc wizard (D:6)
  Robin (D:2)
  7 adders
  4 gnolls (D:2)
  A shadow imp (D:7)
  A white imp (D:5)
  An ufetubus (D:5)
  A worm (D:2)
  4 dart slugs
  21 orcs
  6 ball pythons
  5 endoplasms
  3 giant cockroaches
  9 goblins
  6 hobgoblins
  11 jackals
  3 quokkas (D:4)
  5 bats
  5 frilled lizards
  3 kobolds
  7 rats
130 creatures vanquished.

Notes
Turn   | Place    | Note
-------+----------+-------------------------------------------
     0 | D:1      | LustLizard the Spriggan Arcane Marksman began the quest for
                  | the Orb.
     0 | D:1      | Reached XP level 1. HP: 9/9 MP: 3/3
   389 | D:1      | Reached skill level 1 in Stealth
   590 | D:1      | Reached XP level 2. HP: 14/14 MP: 5/5
   761 | D:1      | Reached skill level 1 in Fighting
   779 | D:1      | You fall into a shaft and drop 1 floor!
   826 | D:2      | Reached skill level 2 in Stealth
   832 | D:2      | Reached XP level 3. HP: 15/18 MP: 6/6
   938 | D:2      | Noticed Jessica
   946 | D:2      | Killed Jessica
   947 | D:2      | Reached skill level 3 in Stealth
  1147 | D:2      | Reached XP level 4. HP: 9/22 MP: 7/7
  1476 | D:2      | Identified the +0 leather armour of Zorghes {rC+}
  1538 | D:2      | Noticed Robin
  1561 | D:2      | Killed Robin
  1785 | D:2      | Reached skill level 4 in Stealth
  1932 | D:2      | Reached XP level 5. HP: 24/26 MP: 8/8
  2359 | D:3      | Found a faded altar of an unknown god.
  3097 | D:3      | Reached skill level 5 in Stealth
  3417 | D:3      | Reached XP level 6. HP: 30/30 MP: 5/9
  4177 | D:4      | Found Iloohymoa's Distillery.
  4185 | D:4      | Bought a potion of heal wounds for 60 gold pieces
  4185 | D:4      | Bought a potion of curing for 36 gold pieces
  4535 | D:4      | Reached skill level 6 in Stealth
  4833 | D:5      | Entered Level 5 of the Dungeon
  4982 | D:5      | Reached skill level 5 in Ranged Weapons
  4982 | D:5      | Reached skill level 7 in Stealth
  4982 | D:5      | Reached XP level 7. HP: 35/35 MP: 10/10
  5086 | D:5      | Found a staircase to the Ecumenical Temple.
  5099 | Temple   | Entered the Ecumenical Temple
  5125 | Temple   | Became a worshipper of Dithmenos the Shadowed
  5561 | D:5      | Learned a level 3 spell: Portal Projectile
  6190 | D:5      | Found a stormy altar of Qazlal.
  6274 | D:5      | Reached skill level 8 in Stealth
  6274 | D:5      | Reached skill level 1 in Translocations
  6322 | D:5      | Noticed Sigmund
  6412 | D:5      | Killed Sigmund
  6413 | D:5      | Reached XP level 8. HP: 38/40 MP: 11/11
  7745 | D:6      | Found a sparkling altar of Nemelex Xobeh.
  7932 | D:6      | Reached * piety under Dithmenos
  8696 | D:7      | Reached skill level 9 in Stealth
  8936 | D:7      | Noticed Maggie
  9534 | D:7      | Killed from afar by Maggie

Illustrated notes

Levels and vault maps discovered:
D:1:      lemuel_arrival_muddy, layout_basic
D:2:      minmay_wonky_spiral, layout_loops_ring, uniq_jessica, uniq_robin
D:3:      cheibrodos_pilgrimage, layout_basic,
          hellmonk_ecumenical_altar_pennies_from_heaven
D:4:      layout_basic, serial_shops, shop
D:5:      layout_basic, mainiacjoe_overflow_alcove_2, minmay_temple_entry_ruins,
          nicolae_hexahallways, fountainhead, uniq_sigmund
D:6:      layout_gridville, old_standard_altar
D:7:      layout_basic, serial_shops, shop, uniq_crazy_yiuf_cottage,
          uniq_maggie, uniq_pikel
Temple:   hellmonk_temple_of_storms

Skill      XL: |  1  2  3  4  5  6  7  8 |
---------------+-------------------------+-----
Stealth        | 1 2 3 4 5 7 8 9 |  9.1
Fighting       | 1 2 3 4 |  4.0
Hexes          | 4 |  4.0
Ranged Weapons | 3 4 5 6 7 |  7.1
Translocations | 3 4 |  4.0
Dodging        | |  2.6
Spellcasting   | |  1.3

Action                   |  1- 3 |  4- 6 |  7- 9 || total
-------------------------+-------+-------+-------++-------
 Fire: Sling             |    84 |   254 |   320 ||   658
 Cast: Slow              |     2 |     7 |    27 ||    36
Armor: Robe              |     3 |     8 |     6 ||    17
Dodge: Dodged            |    36 |    72 |    67 ||   175
